 Dungeon Crawl Stone Soup version 0.29.0-15-g675c0067aa (webtiles) character file.

Game seed: 3643431771442928170

196 qw the Chopper (level 5, -1/33 HPs)
             Began as a Gargoyle Fighter on Sept 11, 2022.
             Slain by a mummy (12 damage)
             ... in an ossuary.
             The game lasted 00:01:11 (3086 turns).

qw the Chopper (Gargoyle Fighter)                   Turns: 3086, Time: 00:01:11

Health: -1/33      AC: 10    Str: 22    XL:     5   Next: 74%
Magic:  5/5        EV:  9    Int:  8    God:
Gold:   141        SH:  4    Dex:  9    Spells: 4/4 levels left

rFire   . . .      SeeInvis .   Y - +0 war axe
rCold   . . .      Faith    .   c - +0 buckler
rNeg    + . .      Spirit   .   b - +0 scale mail
rPois   inf        Reflect  .   (no helmet)
rElec   +          Harm     .   (no cloak)
rCorr   .          Rampage  .   (no gloves)
Will    .....                   (no boots)
Stlth   ..........              (no amulet)
HPRegen 0.11/turn               (no ring)
MPRegen 0.09/turn               (no ring)

@: no status effects
A: sickness immunity, AC +4, negative energy resistance 1, electricity
resistance, torment resistance 1, petrification resistance
a: no special abilities


You were in an ossuary.
You visited 1 branch of the dungeon, and saw 4 of its levels.
You also visited: Ossuary.

You collected 141 gold pieces.


Innate Abilities, Weirdness & Mutations

You are immune to sickness and miasma.
Your stone body is resilient. (AC +4)
You are immune to poison.
You resist negative energy. (rN+)
You are resistant to electric shocks. (rElec)
You are resistant to unholy torment.
You are immune to petrification.


   Skills:
 + Level 3.8 Fighting
 - Level 5.0 Axes
 - Level 3.2 Armour
 - Level 3.2 Shields


You had 4 spell levels left.
You didn't know any spells.
Your spell library was empty.

Inventory:

Hand Weapons
 e - a +0 flail
 Y - a +0 war axe (weapon)
Armour
 b - a +0 scale mail (worn)
 c - a +0 buckler (worn)
Scrolls
 k - a scroll of enchant armour
 l - a scroll of identify
Potions
 a - a potion of attraction
 d - a potion of might
 f - a potion of resistance
 g - 2 potions of haste
 i - a potion of mutation
 n - a potion of curing {unknown}
 o - a potion of heal wounds {unknown}

Dungeon Overview and Level Annotations

Branches:
Dungeon (4/15)            Ossuary (1/1)
 Temple: D:4-7

Altars:
Elyvilon
Nemelex Xobeh
Qazlal
Wu Jian
Zin

Shops:
D:1 (


Message History

Things that are here:
a +0 whip; a gnoll skeleton; a gnoll skeleton You hear the rapid hiss of an avalanche of sand very nearby.
3045 ||| DROPPING +0 whip.
You drop a +0 whip.
You now have 141 gold pieces (gained 15).
Things that are here:
4 stones; a scroll of butterflies; a hobgoblin corpse
Found a scroll of vulnerability.
An endoplasm comes into view.
3062 ||| Stepping ~*~*~tactically~*~*~ (stealth).
Found a sand-covered staircase.
You hear the rapid hiss of an avalanche of sand.
The endoplasm quivers.
You slash the endoplasm!
You kill the endoplasm!
There is an open door here.
There is a sand-covered staircase here.
The world spins around you as you enter the gateway.
You enter an ossuary!
Found a gate leading back out of this place.
There is an empty arch of ancient stone here.
You slash the mummy!
The mummy is heavily damaged.
You hit the mummy. You slash the mummy! The mummy hits you!
The mummy barely misses you. x2
You barely miss the mummy.
The mummy is heavily damaged.
You barely miss the mummy. You slash the mummy! The mummy hits you.
You hit the mummy.
The mummy is severely damaged.
You slash the mummy! x2
The mummy completely misses you. The mummy barely misses you.
You hit the mummy but do no damage.
The mummy is almost destroyed.
You slash the mummy!
You destroy the mummy!
You hit the mummy but do no damage. The mummy hits you! x2
You die...

#######
#.#.#.#
#.....#
#.MM#
#.@.#
#...#
#.\.#
#...#
##+##


You could see 2 mummies.

Vanquished Creatures
  Terence (D:3)
  A mummy (Ossuary)
  4 adders
  5 gnolls (D:4)
  A worm (D:3)
  2 dart slugs
  10 bats
  6 endoplasms
  6 giant cockroaches
  3 goblins (D:1)
  9 hobgoblins
  3 jackals (D:1)
  3 quokkas
  10 ball pythons
  3 frilled lizards
  6 kobolds
  9 rats
82 creatures vanquished.

Notes
Turn   | Place    | Note
-------+----------+-------------------------------------------
     0 | D:1      | qw the Gargoyle Fighter began the quest for the Orb.
     0 | D:1      | Reached XP level 1. HP: 14/14 MP: 1/1
     0 | D:1      | 0 ||| qw: Version: 0.1-a-119-g272c26d
     0 | D:1      | 0 ||| qw: Game counter: 10632
     0 | D:1      | 0 ||| qw: Always use a shield: true
     0 | D:1      | 0 ||| qw: God list: Okawaru
     0 | D:1      | 0 ||| qw: Allow faded altars: false
     0 | D:1      | 0 ||| qw: Do Orc after D:15 true
     0 | D:1      | 0 ||| qw: Do second Lair branch before Depths: true
     0 | D:1      | 0 ||| qw: Lair rune preference: random
     0 | D:1      | 0 ||| qw: Plans: Normal, Zot, God:TSO, Crypt, Tomb, Zig,
                  | Orb
     0 | D:1      | 0 ||| PLANNING D:1-11
   180 | D:1      | Reached skill level 2 in Axes
   370 | D:1      | 370 ||| Stepping ~*~*~tactically~*~*~ (stealth).
   373 | D:1      | Reached XP level 2. HP: 19/19 MP: 2/2
   520 | D:1      | 520 ||| Stepping ~*~*~tactically~*~*~ (stealth).
   606 | D:1      | Found Animool's Antique Weapon Shop.
   619 | D:1      | 619 ||| SHOPLISTING jewelled hand axe (160 gold, have 13).
   626 | D:1      | Reached skill level 3 in Axes
   644 | D:1      | Reached XP level 3. HP: 16/23 MP: 3/3
   809 | D:1      | 809 ||| DROPPING +0 club.
   852 | D:1      | Found a faded altar of an unknown god.
   902 | D:1      | 902 ||| Stepping ~*~*~tactically~*~*~ (stealth).
   904 | D:1      | 904 ||| Stepping ~*~*~tactically~*~*~ (stealth).
   906 | D:1      | 906 ||| Stepping ~*~*~tactically~*~*~ (stealth).
  1165 | D:1      | 1165 ||| READING 2 scrolls labelled NORIPY JAFOHA.
  1166 | D:1      | 1166 ||| READING scroll labelled GUUXYU ZYESOU.
  1167 | D:1      | 1167 ||| DRINKING 2 glowing ruby potions.
  1168 | D:1      | 1168 ||| DROPPING scroll of magic mapping.
  1272 | D:2      | Reached XP level 4. HP: 28/28 MP: 4/4
  1279 | D:2      | 1279 ||| Stepping ~*~*~tactically~*~*~ (stealth).
  1280 | D:2      | 1280 ||| Stepping ~*~*~tactically~*~*~ (stealth).
  1281 | D:2      | 1281 ||| Stepping ~*~*~tactically~*~*~ (stealth).
  1338 | D:2      | Reached skill level 4 in Axes
  1364 | D:2      | 1364 ||| FLEEEEING.
  1365 | D:2      | 1365 ||| FLEEEEING.
  1366 | D:2      | 1366 ||| FLEEEEING.
  1367 | D:2      | 1367 ||| FLEEEEING.
  1631 | D:2      | 1631 ||| READING scroll labelled JIRCHE BIGUF.
  1636 | D:2      | 1636 ||| READING scroll labelled IDYTAGG GITO.
  1637 | D:2      | 1637 ||| READING 3 scrolls labelled TUNYFF MOESEDGH.
  1638 | D:2      | 1638 ||| READING scroll labelled QUTSEACLIGEG.
  1639 | D:2      | 1639 ||| READING scroll labelled NUNOSO IMUB.
  1640 | D:2      | 1640 ||| DROPPING 2 scrolls of vulnerability.
  1884 | D:3      | 1884 ||| READING scroll labelled GOL AXOMEMU.
  1885 | D:3      | 1885 ||| READING 2 scrolls of identify.
  1885 | D:3      | 1885 ||| IDENTIFYING fuming purple potion
  2052 | D:3      | Noticed Terence
  2063 | D:3      | Killed Terence
  2064 | D:3      | Reached XP level 5. HP: 31/32 MP: 5/5
  2241 | D:3      | Found a glowing silver altar of Zin.
  2441 | D:3      | 2441 ||| DRINKING 2 yellow potions.
  2442 | D:3      | 2442 ||| DRINKING 2 murky green potions.
  2443 | D:3      | 2443 ||| READING 2 scrolls of identify.
  2443 | D:3      | 2443 ||| IDENTIFYING bubbling dark potion
  2444 | D:3      | 2444 ||| DROPPING potion of flight.
  2500 | D:4      | Found an ornate altar of the Wu Jian Council.
  2500 | D:4      | Found a white marble altar of Elyvilon.
  2501 | D:4      | 2501 ||| PLANNING OSSUARY
  2506 | D:4      | 2506 ||| Stepping ~*~*~tactically~*~*~ (stealth).
  2515 | D:4      | Found a stormy altar of Qazlal.
  2519 | D:4      | 2519 ||| Stepping ~*~*~tactically~*~*~ (hiding).
  2524 | D:4      | 2524 ||| STAIRDANCE
  2603 | D:4      | Found a sparkling altar of Nemelex Xobeh.
  2681 | D:4      | 2681 ||| Stepping ~*~*~tactically~*~*~ (stealth).
  2690 | D:4      | Reached skill level 5 in Axes
  2695 | D:4      | HP: 4/32 [gnoll/+0 flail (6)]
  2696 | D:4      | 2696 ||| READING scroll of teleportation.
  2699 | D:4      | HP: 1/32 [gnoll/+0 club (4)]
  3045 | D:4      | 3045 ||| DROPPING +0 whip.
  3062 | D:4      | 3062 ||| Stepping ~*~*~tactically~*~*~ (stealth).
  3070 | D:4      | Found a sand-covered staircase.
  3078 | Ossuary  | Entered an ossuary
  3086 | Ossuary  | Slain by a mummy

Levels and vault maps discovered:
D:1:      lightli_arrival_lavapool, layout_rooms,
          shapermc_ecumenical_altar_pompeii, serial_shops, nicolae_diamond_shop,
          kennysheep_crisscross, minmay_surrounded
D:2:      layout_rooms, minmay_pentomino_s2
D:3:      layout_basic, zin_academy, uniq_terence
D:4:      layout_loops_ring, nicolae_overflow_quartered_altars, enter_ossuary_2,
          minmay_three_crescents, uniq_pikel
Ossuary:  ossuary_minmay_chase

Skill      XL: |  1  2  3  4  5 |
---------------+----------------+-----
Axes           | 2 3 4 5 |  5.0
Fighting       | |  3.8
Armour         | |  3.2
Shields        | |  3.2

Action                   |  1- 3 |  4- 6 || total
-------------------------+-------+-------++-------
Melee: War axe           |    96 |   106 ||   202
Throw: Boomerang         |       |    21 ||    21
  Use: Scroll            |     2 |     9 ||    11
       Potion            |     1 |     2 ||     3
Armor: Scale mail        |    74 |    58 ||   132
Dodge: Dodged            |    62 |    51 ||   113
Block: Buckler           |    23 |    25 ||    48

Table legend:
 A = Non-vault XP
 B = Vault XP
 C = Vault XP percentage of total XP
 D = Non-vault monster count
 E = Vault monster count
 F = Vault count percentage of total count
                 A         B        C        D         E       F
            +---------+---------+-------+---------+---------+-------
      Total |     231 |      70 |  23.3 |      73 |       9 |  11.0
            +---------+---------+-------+---------+---------+-------
        D:1 |      54 |      10 |  15.6 |      34 |       5 |  12.8
        D:2 |      41 |       3 |   6.8 |      11 |       2 |  15.4
        D:3 |      30 |      36 |  54.5 |      16 |       1 |   5.9
        D:4 |     106 |       0 |   0.0 |      12 |       0 |   0.0
    Ossuary |       0 |      21 | 100.0 |       0 |       1 | 100.0
            +---------+---------+-------+---------+---------+-------
